 Dungeon Crawl Stone Soup version 0.29.1-2-gbd0b4ee654 (webtiles) character file.

Game seed: 11026997628437477594

88 qeuew the Covert (level 4, -11/24 HPs)
             Began as a Spriggan Delver on Nov 11, 2022.
             Mangled by Edmund
             ... wielding a +1 flail of protection
              (13 damage)
             ... on level 5 of the Dungeon.
             The game lasted 00:00:15 (328 turns).

qeuew the Covert (Spriggan Delver)                   Turns: 328, Time: 00:00:15

Health: -11/24     AC:  2    Str:  8    XL:     4   Next: 30%
Magic:  5/5        EV: 18    Int: 11    God:
Gold:   12         SH:  0    Dex: 18    Spells: 3/3 levels left

rFire   . . .      SeeInvis +   a - +0 short sword
rCold   . . .      Faith    .   (no shield)
rNeg    . . .      Spirit   .   b - +0 robe
rPois   .          Reflect  .   (helmet restricted)
rElec   .          Harm     .   (no cloak)
rCorr   .          Rampage  .   (gloves unavailable)
Will    .....                   (boots unavailable)
Stlth   ++++......              (no amulet)
HPRegen 0.08/turn               (no ring)
MPRegen 0.09/turn               (no ring)

@: very quick
A: very small, no large weapons, unfitting armour, see invisible, speed 3
a: no special abilities


You were on level 5 of the Dungeon.
You visited 1 branch of the dungeon, and saw 1 of its levels.

You collected 12 gold pieces.

Inventory:

Hand Weapons
 a - a +0 short sword (weapon)
Armour
 b - a +0 robe (worn)
Wands
 g - a wand of digging (3)
 h - a wand of charming (8)
Scrolls
 c - a scroll of fog
 d - a scroll of magic mapping
 e - a scroll of fear
Potions
 f - a potion of haste


   Skills:
 + Level 3.0 Fighting
 + Level 3.1 Short Blades
 + Level 3.8 Dodging
 + Level 8.0 Stealth


You had 3 spell levels left.
You didn't know any spells.
Your spell library was empty.

Dungeon Overview and Level Annotations

Branches:
Dungeon (5/15)
 Temple: D:4-7

Altars:

Annotations:
D:5 Edmund


Innate Abilities, Weirdness & Mutations

You are very small and have problems with some larger weapons.
You are too small for most types of armour.
You have supernaturally acute eyesight. (SInv)
You cover ground extremely quickly. (Speed+++)


Message History

You are too injured to fight recklessly!
You are too injured to fight recklessly!
You are too injured to fight recklessly!
You are too injured to fight recklessly!
You are too injured to fight recklessly!
You are too injured to fight recklessly!
You are too injured to fight recklessly!
You are too injured to fight recklessly!
You are too injured to fight recklessly!
You are too injured to fight recklessly!
You are too injured to fight recklessly!
You hit Edmund but do no damage.
Edmund is lightly wounded.
Edmund misses you.
You closely miss Edmund.
Edmund is lightly wounded.
Edmund completely misses you.
You hit Edmund but do no damage.
Edmund is lightly wounded.
You closely miss Edmund.
Edmund is lightly wounded.
Edmund barely misses you.
You hit Edmund but do no damage.
Edmund is lightly wounded.
Edmund barely misses you.
You hit Edmund but do no damage.
Edmund is lightly wounded.
Edmund closely misses you.
You barely miss Edmund.
Edmund is lightly wounded.
Edmund misses you.
You hit Edmund but do no damage.
Edmund is lightly wounded.
Edmund hits you with a +1 flail of protection!
* * * LOW HITPOINT WARNING * * *
You hit Edmund but do no damage.
Edmund is lightly wounded.
Edmund hits you with a +1 flail of protection!
Ouch! That really hurt!
You die...

#. .... #..#
#..# #.. #..
##.#######
#)..)@@..# ###
#.)#####.# ...
#..#
.##.##).###
..........###.#
.##.#..........
# ##...######
##.## . ..# #.#


You could see Edmund.

Vanquished Creatures
  A hound (D:5)
  A gnoll bouda (D:5)
  3 gnolls (D:5)
5 creatures vanquished.

Notes
Turn   | Place    | Note
-------+----------+-------------------------------------------
     0 | D:5      | qeuew the Spriggan Delver began the quest for the Orb.
     0 | D:5      | Reached XP level 1. HP: 11/11 MP: 2/2
    11 | D:5      | Noticed a hound
    23 | D:5      | Killed a hound
    24 | D:5      | Reached XP level 2. HP: 3/16 MP: 3/3
    24 | D:5      | Reached XP level 3. HP: 4/19 MP: 4/4
   312 | D:5      | Noticed Edmund
   314 | D:5      | Reached XP level 4. HP: 23/23 MP: 5/5
   316 | D:5      | Reached skill level 8 in Stealth
   327 | D:5      | HP: 1/24 [Edmund/+1 flail of protection (11)]
   328 | D:5      | Mangled by Edmund

Illustrated notes

Levels and vault maps discovered:
D:5:      layout_loops_corners, uniq_edmund

Skill      XL: |  1  2  3  4 |
---------------+-------------+-----
Dodging        | 3 |  3.8
Short Blades   | 3 |  3.1
Fighting       | 3 |  3.0
Stealth        | 8 |  8.0

Action                   |  1- 3 |  4- 6 || total
-------------------------+-------+-------++-------
Melee: Short sword       |    12 |    12 ||    24
 Stab: Sleeping          |     3 |     1 ||     4
Dodge: Dodged            |     9 |     7 ||    16
